 Dungeon Crawl Stone Soup version 0.24-a0-516-g9de272bb65 (webtiles) character file.

Game seed: 14325408972638573747

1592 Azzok the Cleaver (level 9, -1/64 HPs)
             Began as a Formicid Fighter on July 21, 2019.
             Was a Follower of Okawaru.
             Killed by divine providence
             ... invoked by an orc priest
              (14 damage)
             ... on level 6 of the Dungeon.
             The game lasted 00:09:35 (7370 turns).

Azzok the Cleaver (Formicid Fighter)                Turns: 7370, Time: 00:09:36

Health: -1/64      AC: 11    Str: 29    XL:     9   Next: 15%
Magic:  9/11       EV: 11    Int:  8    God:    Okawaru [*.....]
Gold:   270        SH: 14    Dex: 10    Spells: 8/8 levels left

rFire    . . .     SeeInvis +   h - +2 flail (drain)
rCold    . . .     Gourm    .   c - +1 shield
rNeg     . . .     Faith    .   n - +0 chain mail
rPois    .         Spirit   .   (helmet unavailable)
rElec    .         Reflect  .   (no cloak)
rCorr    .         Harm     .   (no gloves)
MR       .....                  (no boots)
Stlth    ..........             (no amulet)
HPRegen  0.20/turn              (no ring)
MPRegen  0.12/turn              (no ring)

@: mighty, heroism
A: permanent stasis, dig shafts and tunnels, four strong arms, antennae 3
a: Dig, Shaft Self, Heroism, Renounce Religion


You were on level 6 of the Dungeon.
You worshipped Okawaru.
Okawaru was aware of your devotion.
You were not hungry.

You visited 2 branches of the dungeon, and saw 7 of its levels.

You collected 270 gold pieces.

Inventory:

Hand Weapons
 a - a +0 war axe
 h - a +2 flail of draining (weapon)
Armour
 c - a +1 shield (worn)
 n - a +0 chain mail (worn)
 s - a +0 cloak
Wands
 i - a wand of disintegration (15)
Scrolls
 j - 4 scrolls of remove curse
 k - 11 scrolls of identify {unknown}
 l - 2 scrolls of enchant weapon {unknown}
 m - a scroll of teleportation {unknown}
 p - 2 scrolls of noise {unknown}
Potions
 b - a potion of invisibility {unknown}
 d - a potion of might
 e - a potion of lignification {unknown}
 o - 4 potions of heal wounds {unknown}
 q - a potion of curing {unknown}
 r - 2 potions of brilliance {unknown}
Comestibles
 f - 4 rations
 g - 6 chunks of flesh


   Skills:
 - Level 3.2(8.2) Fighting
 + Level 9.5(14.5) Axes
 - Level 4.0(9.0) Armour
 + Level 6.1(11.1) Shields
 + Level 3.8 Invocations


You had 8 spell levels left.
You didn't know any spells.
Your spell library was empty.

Dungeon Overview and Level Annotations

Branches:
Dungeon (6/15)             Temple (1/1) D:5

Altars:
Ashenzari
Cheibriados
Dithmenos
Elyvilon
Gozag
Hepliaklqana
Kikubaaqudgha
Makhleb
Nemelex Xobeh
Okawaru
Qazlal
Ru
Sif Muna
Trog
Uskayaw
Vehumet
Wu Jian
Xom
Yredelemnul
Zin
The Shining One


Innate Abilities, Weirdness & Mutations

You cannot be hasted, slowed, berserked, paralysed or teleported.
You can dig through walls and to a lower floor.
Your four strong arms can wield two-handed weapons with a shield.
You have a pair of large antennae on your head. (SInv)


Message History

You see here an arrow.
The centaur shoots an arrow.
The arrow hits you!
You completely miss the orc warrior. You block the orc warrior's attack.
The orc priest looks encouraged for a moment.
You barely miss the orc warrior.
The orc priest mumbles some strange prayers to Beogh against you.
Beogh smites you! You block the orc warrior's attack.
You barely miss the orc warrior.
The orc warrior hits you with a +0 mace!
You closely miss the orc warrior.
The orc warrior hits you with a +0 mace!
* * * LOW HITPOINT WARNING * * *
You gain the combat prowess of a mighty hero.
You block the orc warrior's attack.
You feel very mighty all of a sudden.
The orc priest looks braver for a moment.
You closely miss the orc warrior.
The orc priest mumbles some strange prayers to Beogh against you.
Beogh smites you!
You die...

▒··)·····c·▒▒
▒▒··▒·▒·▒·▒··▒
······o······▒···
▒▒··>···(········
········(·▒▒▒▒▒▒▒
·····{{{▒▒▒ ·▒▒▒▒▒··▒
·▒$)=▒··▒▒▒▒▒▒▒▒▒▒▒·▒
·▒)??▒····ooco@·····▒
▒
·▒[$=▒···▒Y▒▒▒▒▒▒▒▒▒▒
▒ ·▒▒▒▒▒···▒·▒▒▒▒▒▒▒
·▒▒ ··················
·· ·········▒········
▒
▒▒▒▒▒▒·▒···▒▒▒▒▒▒▒▒▒▒▒
▒ ▒·▒····)·········
·▒▒▒ ▒·▒·▒·▒)▒·····▒▒
···· ▒·▒·····)·····▒
▒▒▒


You could see an orc warrior, an ice beast, a centaur, an orc priest and an orc.

Vanquished Creatures
  Sigmund (D:3)
  A phantom (D:4)
  An ogre (D:6)
  A bullfrog (D:6)
  A wyvern skeleton (D:6)
  A scorpion (D:4)
  A howler monkey (D:6)
  3 crimson imps
  A bullfrog skeleton (D:5)
  2 jellies (D:6)
  3 hounds
  3 orc priests
  A gnoll shaman (D:3)
  6 orc wizards
  A centaur skeleton (D:5)
  An iguana (D:6)
  3 worker ants
  A hound skeleton (D:4)
  9 gnolls
  A howler monkey skeleton (D:4)
  9 adders
  A shadow imp (D:6)
  2 oozes
  An adder zombie (D:5)
  3 adder skeletons
  3 worms
  4 dart slugs
  A leopard gecko (D:3)
  16 orcs
  A ball python (D:3)
  6 giant cockroaches
  10 goblins
  8 hobgoblins
  7 kobolds
  3 quokkas
  9 bats
  10 frilled lizards
  A leopard gecko skeleton (D:4)
  27 rats
164 creatures vanquished.

Notes
Turn   | Place    | Note
-------+----------+-------------------------------------------
     0 | D:1      | Azzok the Formicid Fighter began the quest for the Orb.
     0 | D:1      | Reached XP level 1. HP: 18/18 MP: 1/1
   154 | D:1      | Reached XP level 2. HP: 24/24 MP: 2/2
   176 | D:1      | Reached skill level 3 in Axes
   484 | D:1      | Reached XP level 3. HP: 26/29 MP: 3/3
  1013 | D:2      | Found a faded altar of an unknown god.
  1338 | D:2      | Reached skill level 4 in Axes
  1338 | D:2      | Reached XP level 4. HP: 35/35 MP: 4/4
  1673 | D:2      | Found a white marble altar of Elyvilon.
  2159 | D:3      | Reached XP level 5. HP: 40/41 MP: 5/5
  2191 | D:3      | Noticed Sigmund
  2303 | D:2      | Reached skill level 5 in Axes
  2536 | D:3      | HP: 2/41 [Sigmund/+0 scythe (7)]
  2538 | D:3      | Killed Sigmund
  2538 | D:3      | Reached skill level 6 in Axes
  2538 | D:3      | Reached XP level 6. HP: 3/47 MP: 6/6
  2959 | D:3      | Reached XP level 7. HP: 52/52 MP: 7/7
  2980 | D:3      | Reached skill level 7 in Axes
  3176 | D:3      | Found a shattered altar of Ashenzari.
  3177 | D:3      | Found a sacrificial altar of Ru.
  3976 | D:4      | Reached skill level 8 in Axes
  4479 | D:4      | Reached XP level 8. HP: 58/58 MP: 8/8
  5023 | D:5      | Entered Level 5 of the Dungeon
  5403 | D:5      | Found a staircase to the Ecumenical Temple.
  5504 | Temple   | Entered the Ecumenical Temple
  5567 | Temple   | Became a worshipper of Warmaster Okawaru
  5699 | D:5      | Found an ornate altar of the Wu Jian Council.
  5708 | D:5      | Found a burning altar of Makhleb.
  6089 | D:6      | Reached skill level 1 in Invocations
  6093 | D:6      | Reached skill level 9 in Axes
  6102 | D:6      | HP: 2/58 [wyvern skeleton (9)]
  6104 | D:6      | Reached skill level 5 in Shields
  6786 | D:6      | Reached * piety under Okawaru
  6786 | D:6      | Reached XP level 9. HP: 15/64 MP: 11/11
  7370 | D:6      | Killed from afar by an orc priest

Levels and vault maps discovered:
D:1:      erik_arrival_triangle_large, layout_basic, minmay_misc_feat_hallway,
          minmay_unequal
D:2:      layout_basic, marbit_many_paths,
          chequers_ecumenical_altar_simple_redux, kennysheep_generic_room_15
D:3:      layout_basic, minitemple, portal_sewer_entry_d, minmay_rat_hole,
          uniq_sigmund
D:4:      layout_layer_cave, minivault_27
D:5:      layout_loops_corners, old_standard_altar, lemuel_doored_altar,
          minmay_temple_entry_sparse_star, first_ration
D:6:      layout_basic, serial_glass, glass_columns_b, glass_columns_b,
          glass_columns_a, glass_columns_a, glass_columns_b, glass_columns_a,
          glass_columns_c, glass_columns_b, feat_on_display, due_unseen_surprise
Temple:   compressed_dpeg_circular_temple

Skill      XL: |  1  2  3  4  5  6  7  8  9 |
---------------+----------------------------+-----
Axes           | 3 4 6 8 9 |  9.5
Shields        | 5 6 |  6.1
Armour         | 4 |  4.0
Invocations    | 3 |  3.8
Fighting       | |  3.2

Action                   |  1- 3 |  4- 6 |  7- 9 || total
-------------------------+-------+-------+-------++-------
Melee: War axe           |    92 |   131 |   276 ||   499
       Flail             |       |       |    42 ||    42
Invok: Heroism           |       |       |     1 ||     1
  Use: Scroll            |       |       |     4 ||     4
       Potion            |       |       |     1 ||     1
  Eat: Chunk             |     1 |     4 |     9 ||    14
       Ration            |       |     1 |     1 ||     2
Armor: Scale mail        |    30 |       |       ||    30
       Chain mail        |     8 |    79 |   119 ||   206
Dodge: Dodged            |    23 |    33 |    75 ||   131
Block: Shield            |    46 |    62 |   158 ||   266

Table legend:
 A = Non-vault XP
 B = Vault XP
 C = Vault XP percentage of total XP
 D = Non-vault monster count
 E = Vault monster count
 F = Vault count percentage of total count
                 A         B        C        D         E       F
            +---------+---------+-------+---------+---------+-------
      Total |    1994 |     281 |  12.4 |     138 |      26 |  15.9
            +---------+---------+-------+---------+---------+-------
        D:1 |      40 |       3 |   7.0 |      22 |       3 |  12.0
        D:2 |     133 |       3 |   2.2 |      27 |       2 |   6.9
        D:3 |     151 |     275 |  64.6 |      23 |      21 |  47.7
        D:4 |     510 |       0 |   0.0 |      23 |       0 |   0.0
        D:5 |     273 |       0 |   0.0 |      11 |       0 |   0.0
        D:6 |     887 |       0 |   0.0 |      32 |       0 |   0.0
            +---------+---------+-------+---------+---------+-------
